 Dungeon Crawl Stone Soup version 0.15.0-23-gc2b521c (webtiles) character file.

483 Charly the Chopper (level 6, -3/56 HPs)
             Began as a Deep Dwarf Gladiator on Sept 7, 2014.
             Slain by a gnoll
             ... wielding a +0 halberd
              (6 damage)
             ... on Level 5 of the Dungeon.
             The game lasted 00:19:04 (1180 turns).

Charly the Chopper (Deep Dwarf Gladiator)           Turns: 1180, Time: 00:19:04

HP  -3/56        AC 12     Str 21      XL: 6   Next: 87%
MP   6/6         EV  7     Int  8      God:
Gold 107         SH  0     Dex 15      Spells:  0 memorised,  5 levels left

rFire  . . .     SeeInvis .     d - +0 battleaxe
rCold  . . .     Clarity  .     l - +1 chain mail {rPois}
rNeg   . . .     rCorr    .     (no shield)
rPois  +         rRot     .     c - +0 helmet
rElec  .         Spirit   .     (no cloak)
SustAb .         Warding  .     (no gloves)
rMut   .         Stasis   .     (no boots)
Gourm  .                        (no amulet)
MR     .....                    (no ring)
                                s - +2 ring of dexterity

@: non-regenerating, not resistant to hostile enchantments, extremely unstealthy
A: damage resistance, recharge devices, yellow scales 1, sense surroundings 1,
slow healing 3
a: Device Recharging


You were on level 5 of the Dungeon.
You were not hungry.

You visited 2 branches of the dungeon, and saw 6 of its levels.

You collected 107 gold pieces.

Inventory:

Hand weapons
 d - a +0 battleaxe (weapon)
Missiles
 i - 8 needles of confusion
 n - 17 poisoned needles
Armour
 c - a +0 helmet (worn)
 l - a +1 chain mail of poison resistance (worn)
Magical devices
 e - a wand of heal wounds (1)
Comestibles
 a - a beef jerky
 f - 2 bread rations
 k - 8 fruits
Scrolls
 g - a scroll of enchant weapon
 j - a scroll of blinking {unknown}
 o - a scroll of teleportation
 p - a scroll of recharging {unknown}
 r - a scroll of noise {unknown}
Jewellery
 s - a +2 ring of dexterity (left hand)
Potions
 b - a potion of curing {unknown}
 h - a potion of resistance {unknown}
 q - 2 potions of agility
Books
 m - a book of Battle

   Spells                             Type                      Level
   Infusion                           Charms                       1
   Shroud of Golubria                 Charms/Translocation         2
   Song of Slaying                    Charms                       2
   Spectral Weapon                    Hexes/Charms                 3
   Regeneration                       Charms/Necromancy            3


   Skills:
 + Level 3.2 Fighting
 + Level 7.9 Axes
 - Level 1.7 Throwing
 - Level 3.2 Dodging


You had 5 spell levels left.
You didn't know any spells.

Dungeon Overview and Level Annotations

Branches:
Dungeon (5/15)             Temple (1/1) D:4

Altars:
Ashenzari
Cheibriados
Dithmenos
Kikubaaqudgha
Qazlal
Trog
Vehumet
Xom
Yredelemnul
Zin
The Shining One
Lugonu


Innate Abilities, Weirdness & Mutations

You are resistant to damage.
You can recharge devices by infusing magical energy.
You passively map a small area around you.
You do not heal naturally.
You are partially covered in yellow scales (AC +2).


Message History

The gnoll closely misses you. The gnoll barely misses you.
You hit the gnoll.
The gnoll is heavily wounded.
The gnoll hits you with a spear.
* * * LOW HITPOINT WARNING * * *
The gnoll hits you from afar with a halberd.
* * * LOW HITPOINT WARNING * * *
You barely miss the gnoll.
The gnoll is heavily wounded.
The gnoll closely misses you.
The gnoll hits you from afar with a halberd.
The gnoll hits you with a spear.
* * * LOW HITPOINT WARNING * * *
You closely miss the gnoll.
The gnoll is moderately wounded.
The gnoll closely misses you. The gnoll barely misses you.
You slash the gnoll!
You kill the gnoll!
The gnoll hits you from afar with a halberd!
You die...

### * ##############.# ,
...............# #
##############.###.####.#
#..@)g.....# #.###.####.#
#.# # ** ** ..., ..... ,
##.#** #### * #.# . #.# ,
.. * *, #.# ...* * .


You could see a gnoll.

Vanquished Creatures
  The ghost of Gravenous the Cudgeler, an average GrWr (D:4)
  A centaur (D:5)
  A goliath beetle (D:5)
  A hound (D:4)
  An orc wizard (D:3)
  A black bear skeleton (D:4)
  2 worker ants (D:4)
  Ijyb (D:3)
  5 gnolls
  3 adders
  3 worms
  A giant gecko (D:2)
  2 orcs (D:3)
  3 giant cockroaches
  3 goblins
  5 hobgoblins
  4 bats
  A giant newt (D:4)
  4 kobolds
  An orc skeleton (D:4)
  7 rats
51 creatures vanquished.

Notes
Turn   | Place    | Note
--------------------------------------------------------------
     0 | D:1      | Charly, the Deep Dwarf Gladiator, began the quest for the Orb.
     0 | D:1      | Reached XP level 1. HP: 19/19 MP: 1/1
   132 | D:2      | Reached XP level 2. HP: 17/26 MP: 2/2
   159 | D:2      | Reached skill level 4 in Axes
   205 | D:2      | Reached XP level 3. HP: 8/32 MP: 3/3
   218 | D:2      | Reached skill level 5 in Axes
   225 | D:2      | Found a bloodstained altar of Trog.
   228 | D:2      | Found a shattered altar of Ashenzari.
   231 | D:2      | Found a shimmering altar of Xom.
   241 | D:2      | Found a glowing silver altar of Zin.
   340 | D:3      | Noticed Ijyb
   348 | D:3      | Reached XP level 4. HP: 8/39 MP: 4/4
   372 | D:3      | Killed Ijyb
   406 | D:3      | Reached skill level 6 in Axes
   530 | D:4      | Noticed Gravenous' ghost (average GrWr)
   542 | D:4      | Killed Gravenous' ghost
   542 | D:4      | Reached skill level 7 in Axes
   542 | D:4      | Reached XP level 5. HP: 13/45 MP: 5/5
   658 | D:4      | Found a staircase to the Ecumenical Temple.
   678 | D:4      | Reached XP level 6. HP: 9/52 MP: 6/6
   698 | D:4      | Gained mutation: You are partially covered in yellow scales (AC +2). [potion of beneficial mutation]
   707 | Temple   | Entered the Ecumenical Temple
   976 | D:5      | Entered Level 5 of the Dungeon
  1180 | D:5      | Slain by a gnoll

Action                   |  1- 3 |  4- 6 || total
-------------------------+-------+-------++-------
Melee: War axe           |    59 |   101 ||   160
       Battleaxe         |       |    16 ||    16
Throw: Throwing net      |     6 |     5 ||    11
Evoke: Wand              |       |     7 ||     7
  Use: Scroll            |       |     4 ||     4
       Potion            |       |     1 ||     1
 Stab: Confused          |       |     4 ||     4
  Eat: Chunk             |       |     1 ||     1
